 Dungeon Crawl Stone Soup version 0.28.0-53-g5a82cb258f (webtiles) character file.

Game seed: 2537986680834436569

483 DocClef the Cudgeller (level 6, -8/47 HPs)
             Began as a Demonspawn Berserker on July 6, 2022.
             Was a Priest of Trog.
             Mangled by a gnoll
             ... wielding a +0 halberd
              (13 damage)
             ... on level 3 of the Dungeon.
             The game lasted 00:04:10 (4613 turns).

DocClef the Cudgeller (Demonspawn Berserker)        Turns: 4613, Time: 00:04:10

Health: -8/47      AC:  6    Str: 20    XL:     6   Next: 87%
Magic:  6/6        EV: 11    Int:  8    God:    Trog [***...]
Gold:   111        SH:  0    Dex: 12    Spells: 5/5 levels left

rFire   . . .      SeeInvis .   a - +0 mace
rCold   . . .      Faith    .   (no shield)
rNeg    . . .      Spirit   .   h - +1 ring mail
rPois   .          Reflect  .   (no helmet)
rElec   .          Harm     .   (no cloak)
rCorr   .          Rampage  .   (no gloves)
Will    .....                   (no boots)
Stlth   +.........              (no amulet)
HPRegen 0.15/turn               (no ring)
MPRegen 0.10/turn               (no ring)

@: mighty, on berserk cooldown, slowed, very slow
A: hooves 1, powered by pain 1
a: Renounce Religion, Berserk, Trog's Hand


You were on level 3 of the Dungeon.
You worshipped Trog.
Trog was most pleased with you.
You visited 1 branch of the dungeon, and saw 3 of its levels.
You also visited: Sewer.

You collected 111 gold pieces.

Inventory:

Hand Weapons
 a - a +0 mace (weapon)
Armour
 h - a +1 ring mail (worn)
Jewellery
 l - a ring of poison resistance
Scrolls
 g - 2 scrolls of fog
 k - a scroll of magic mapping
 o - a scroll of identify
Potions
 c - a potion of lignification
 d - 2 potions of heal wounds
 e - a potion of ambrosia
 f - a potion of curing
 i - a potion of might
 j - 2 potions of magic


   Skills:
 - Level 3.0 Fighting
 + Level 7.2 Maces & Flails
 - Level 1.7 Armour
 - Level 1.7 Dodging


You had 5 spell levels left.
You didn't know any spells.
Your spell library was empty.

Dungeon Overview and Level Annotations

Branches:
Dungeon (3/15)              Sewer (visited)

Altars:

Annotations:
D:2 Sigmund


Innate Abilities, Weirdness & Mutations

You have large cloven feet.
You sometimes gain a little power by taking damage.


Message History

You are too injured to fight recklessly!
You are too injured to fight recklessly!
You are too injured to fight recklessly!
You are too injured to fight recklessly!
Unknown command.
You completely miss the kobold. The kobold closely misses you.
The kobold hits you with a +0 club.
A kobold comes into view. It is wielding a +0 club.
You sock the kobold!
You kill the kobold!
Trog accepts your kill.
The hobgoblin hits you but does no damage.
The kobold brigand barely misses you. The kobold barely misses you.
You are too injured to fight recklessly!
You are too injured to fight recklessly!
You are too injured to fight recklessly!
The kobold hits you with a +0 club. The hobgoblin closely misses you.
Things that are here:
19 stones; a kobold corpse You feel a strong urge to attack something.
You are no longer berserk.
You are exhausted.
You feel yourself slow down. The kobold hits you but does no damage.
The kobold barely misses you. The kobold barely misses you.
The kobold hits you with a +0 club. The kobold hits you but does no damage.
The kobold closely misses you. The kobold closely misses you.
The gnoll barely misses you. The kobold hits you with a +0 club. x2
* * * LOW HITPOINT WARNING * * *
The gnoll barely misses you. The kobold hits you but does no damage.
The gnoll closely misses you. The gnoll barely misses you.
There is an open door here.
The gnoll hits you from afar with a +0 halberd!
* * * LOW HITPOINT WARNING * * *
The gnoll hits you from afar with a +0 halberd!
You die...

.......................#*,,,,,,,,
.........................,,,,,,,,
............()...........,,,,,,,,
.............)...........,,,,,,,,
≈≈≈≈≈≈≈≈≈≈≈≈(......≈≈≈≈≈≈≈≈≈≈≈≈≈≈
≈≈≈≈≈≈≈≈≈≈≈≈≈......≈≈≈≈≈≈≈≈≈≈≈≈≈≈
≈≈≈≈≈≈≈≈≈≈≈≈≈......≈≈≈≈≈≈≈≈≈≈≈≈≈≈
###############''################
.....#.......#..@.#.......#......
.....).......#....#......['..(...
.....#########...g#########).....
...........)#......#K...KKg...###
...........)'......KK.gKK.....#
...........)#......#K.K.gg....###
.....#########....#########)g....
.....')).....#....#.......'......
.....#.).....#....#......)#(.....


You could see a kobold brigand, a gnoll and a kobold.

Vanquished Creatures
  4 kobold brigands (D:3)
  4 adders
  9 gnolls (D:3)
  A worm (Sewer)
  2 bats
  6 endoplasms
  6 goblins
  4 hobgoblins
  3 jackals (D:1)
  31 kobolds
  4 quokkas (D:1)
  10 ball pythons
  4 frilled lizards
  5 rats
93 creatures vanquished.

Notes
Turn   | Place    | Note
-------+----------+-------------------------------------------
     0 | D:1      | DocClef the Demonspawn Berserker began the quest for the
                  | Orb.
     0 | D:1      | Reached XP level 1. HP: 18/18 MP: 1/1
   330 | D:1      | Reached skill level 3 in Maces & Flails
   385 | D:1      | Gained mutation: You have large cloven feet. [demonic
                  | ancestry]
   385 | D:1      | Reached XP level 2. HP: 15/24 MP: 2/2
  1016 | D:1      | Reached ** piety under Trog
  1529 | D:1      | Reached XP level 3. HP: 29/29 MP: 3/3
  1670 | D:1      | Reached skill level 4 in Maces & Flails
  2002 | D:2      | Noticed Sigmund
  2075 | D:3      | Found a glowing drain.
  2080 | Sewer    | Entered a sewer
  2667 | Sewer    | Gained mutation: You sometimes gain a little power by
                  | taking damage. [demonic ancestry]
  2667 | Sewer    | Reached XP level 4. HP: 12/35 MP: 4/4
  3387 | D:3      | Noticed a kobold brigand
  3402 | D:3      | Killed a kobold brigand
  3403 | D:3      | Reached skill level 5 in Maces & Flails
  3403 | D:3      | Reached XP level 5. HP: 41/41 MP: 5/5
  3718 | D:3      | Reached *** piety under Trog
  4035 | D:3      | Reached skill level 6 in Maces & Flails
  4238 | D:3      | HP: 1/41 [kobold brigand/+0 short sword (7)]
  4244 | D:3      | Reached XP level 6. HP: 3/47 MP: 6/6
  4582 | D:3      | Reached skill level 7 in Maces & Flails
  4613 | D:3      | Mangled by a gnoll

Illustrated notes

Levels and vault maps discovered:
D:1:      dpeg_cavernosity, layout_basic, serial_corexii_hall,
          corexii_hall_statues_i, chequers_hall_statues_wall_a,
          kennysheep_another_room
D:2:      layout_rooms, uniq_sigmund
D:3:      minmay_goblin_kobold_castle, layout_rooms, portal_sewer_entry_e

Skill      XL: |  1  2  3  4  5  6 |
---------------+-------------------+-----
Maces & Flails | 3 4 5 6 7 |  7.2
Fighting       | |  3.0
Armour         | |  1.7
Dodging        | |  1.7

Action                   |  1- 3 |  4- 6 || total
-------------------------+-------+-------++-------
Melee: Mace              |   134 |   143 ||   277
       Kick              |    19 |    24 ||    43
       Punch             |     1 |     4 ||     5
Invok: Berserk           |       |     5 ||     5
       Trog's Hand       |       |     1 ||     1
  Use: Potion            |     4 |     3 ||     7
       Scroll            |     4 |     3 ||     7
 Stab: Sleeping          |     3 |       ||     3
       Invisible         |       |     1 ||     1
Armor: Animal skin       |    19 |       ||    19
       Ring mail         |    39 |    63 ||   102
Dodge: Dodged            |   118 |   134 ||   252
